 Dungeon Crawl Stone Soup version 0.22-a0-443-g17c3723 (webtiles) character file.

81 Ijustatesigmund the Skirmisher (level 4, -5/49 HPs)
             Began as an Ogre Gladiator on May 31, 2018.
             Slain by Terence
             ... wielding a +0 hand axe of electrocution
              (10 damage)
             ... on level 2 of the Dungeon.
             The game lasted 00:01:59 (1266 turns).

Ijustatesigmund the Skirmisher (Ogre Gladiator)     Turns: 1266, Time: 00:01:59

Health: -5/49      AC:  3    Str: 18    XL:     4   Next: 40%
Magic:  4/4        EV: 10    Int:  9    God:
Gold:   64         SH:  0    Dex: 11    Spells: 3/3 levels left

rFire    . . .     SeeInvis .   a - +0 flail
rCold    . . .     Gourm    .   (no shield)
rNeg     . . .     Faith    .   b - +0 robe
rPois    .         Spirit   .   c - +0 hat
rElec    .         Reflect  .   (no cloak)
rCorr    .         Harm     .   (gloves unavailable)
MR       .....                  (boots unavailable)
Stlth    +.........             (no amulet)
HPRegen  0.16/turn              (no ring)
MPRegen  0.09/turn              (no ring)

@: no status effects
A: large, unfitting armour, tough skin 1
a: no special abilities


You were on level 2 of the Dungeon.
You were very hungry.

You visited 1 branch of the dungeon, and saw 2 of its levels.

You collected 64 gold pieces.

Inventory:

Hand Weapons
 a - a +0 flail (weapon)
Missiles
 d - 3 throwing nets
 e - 7 exploding tomahawks (quivered)
 h - 4 tomahawks
Armour
 b - a +0 robe (worn)
 c - a +0 hat (worn)
Scrolls
 g - a scroll of magic mapping
Potions
 i - a potion of haste
 k - a potion of agility {unknown}
Comestibles
 f - 2 rations


   Skills:
 + Level 4.6 Fighting
 + Level 3.7 Maces & Flails
 - Level 2.0 Throwing
 - Level 2.6 Dodging


You had 3 spell levels left.
You didn't know any spells.
Your spell library was empty.

Dungeon Overview and Level Annotations

Branches:
Dungeon (2/15)

Altars:

Annotations:
D:2 Terence


Innate Abilities, Weirdness & Mutations

You are too large for most types of armour.
You have tough skin. (AC +1)


Message History

Terence is heavily wounded.
Terence closely misses you.
You barely miss Terence.
Terence is heavily wounded.
Terence hits you with a hand axe of electrocution.
You closely miss Terence.
Terence is heavily wounded.
Terence closely misses you.
You hit Terence.
Terence is heavily wounded.
Terence hits you but does no damage.
You hit Terence but do no damage.
Terence is heavily wounded.
Terence hits you with a hand axe of electrocution.
You are electrocuted!
* * * LOW HITPOINT WARNING * * *
Terence hits you with a hand axe of electrocution.
* * * LOW HITPOINT WARNING * * *
You are electrocuted!
You die...

.# <# .# .##
..
#.#####.#####.
#.....@.......
###@...$...
#.).....#..
######
#.#..$.##
##.....
#.#######
....... #
#.......#.
##.....
#.#.........
###...
#.#.#####.###
#...
#...........#
#...
###.######..#
##...


You could see Terence.

Vanquished Creatures
  A hound (D:2)
  2 adders (D:2)
  An adder skeleton (D:2)
  A leopard gecko (D:1)
  An orc (D:2)
  2 giant cockroaches (D:1)
  3 goblins
  6 hobgoblins
  4 kobolds
  A quokka (D:2)
  3 bats
  A frilled lizard (D:1)
  A rat (D:1)
27 creatures vanquished.

Notes
Turn   | Place    | Note
-------+----------+-------------------------------------------
     0 | D:1      | Ijustatesigmund the Ogre Gladiator began the quest for the Orb.
     0 | D:1      | Reached XP level 1. HP: 22/22 MP: 1/1
   134 | D:1      | Reached skill level 3 in Fighting
   150 | D:1      | Reached XP level 2. HP: 28/31 MP: 2/2
   943 | D:2      | Reached XP level 3. HP: 34/39 MP: 3/3
  1105 | D:2      | Reached skill level 4 in Fighting
  1240 | D:2      | Reached XP level 4. HP: 48/49 MP: 4/4
  1254 | D:2      | Noticed Terence
  1266 | D:2      | Slain by Terence

Vault maps used:
D:1:      ncdulo_lavacross, serial_bayou_pond_a
D:2:      uniq_terence, uniq_natasha

Skill      XL: |  1  2  3 |
---------------+----------+-----
Fighting       | 3 4 |  4.6
Maces & Flails | 3 |  3.7
Throwing       | |  2.0
Dodging        | |  2.6

Action                   |  1- 3 |  4- 6 || total
-------------------------+-------+-------++-------
Melee: Flail             |    83 |    13 ||    96
Throw: Tomahawk          |     1 |       ||     1
  Use: Scroll            |     4 |     1 ||     5
 Stab: Sleeping          |     1 |       ||     1
Armor: Robe              |    20 |     3 ||    23
Dodge: Dodged            |    55 |     4 ||    59

Table legend:
 A = Spawn XP
 B = Non-spawn XP
 C = Spawn XP percentage of total XP
 D = Spawn monster count
 E = Non-spawn monster count
 F = Spawn count percentage of total count
 G = Total turns spent on level
                    A         B        C        D         E        F      G
               +---------+---------+-------+---------+---------+-------+---------
         Total |       0 |     116 |   0.0 |       0 |      27 |   0.0 |  1266
               +---------+---------+-------+---------+---------+-------+---------
           D:1 |       0 |      26 |   0.0 |       0 |      14 |   0.0 |   936
           D:2 |       0 |      90 |   0.0 |       0 |      13 |   0.0 |   330
               +---------+---------+-------+---------+---------+-------+---------
